[ PARTIDA AOE2 · #470658355 ]
Team RMEspañoles vs Lithuanians
[ ANÁLISIS DE REPETICIÓN · EXTRAÍDO DE LA PARTIDA GRABADA ]
Feudal
10:02
Castillos
—
Imperial
—
| APM promedio | 43.4 |
| APM pico | 69 |
| eAPM promedio | 15.2 |
| Aldeanos / militares | 56 / 19 |
Foco
⚔️ 27.3% · 🌾 72.7%
Scout Cavalry ×15 · Militia ×3 · Spearman ×1
Feudal
10:34
Castillos
—
Imperial
—
| APM promedio | 43.0 |
| APM pico | 84 |
| eAPM promedio | 16.3 |
| Aldeanos / militares | 37 / 27 |
Foco
⚔️ 30.2% · 🌾 69.8%
Scout Cavalry ×27
Feudal
11:01
Castillos
—
Imperial
—
| APM promedio | 20.3 |
| APM pico | 44 |
| eAPM promedio | 11.8 |
| Aldeanos / militares | 43 / 23 |
Foco
⚔️ 25.8% · 🌾 74.2%
Archer ×22 · Spearman ×1
Feudal
10:41
Castillos
19:56
Imperial
—
| APM promedio | 41.5 |
| APM pico | 109 |
| eAPM promedio | 16.4 |
| Aldeanos / militares | 37 / 17 |
Foco
⚔️ 21.1% · 🌾 78.9%
Archer ×16 · Spearman ×1
Feudal
10:23
Castillos
—
Imperial
—
| APM promedio | 66.3 |
| APM pico | 98 |
| eAPM promedio | 30.3 |
| Aldeanos / militares | 44 / 25 |
Foco
⚔️ 11.3% · 🌾 88.7%
Archer ×25
Feudal
9:43
Castillos
—
Imperial
—
| APM promedio | 43.6 |
| APM pico | 84 |
| eAPM promedio | 17.6 |
| Aldeanos / militares | 46 / 25 |
Foco
⚔️ 28.6% · 🌾 71.4%
Scout Cavalry ×25
Mapa de la partida
Recursos iniciales + cada clic de construcción. Líneas = muros · curvas = relieve. ◆ oro · ⬟ piedra · ● bayas · ✦ reliquia · ◌ hueco del cierre
Tu base· Abierta — flanco sin cerrar
Base de (Youngmonz)· Abierta — flanco sin cerrar
Base de gytisrepsys· Abierta — hueco de 2t
Base de MeXxX· Abierta — hueco de 5t
Base de GOOSE· Abierta — flanco sin cerrar
Base de ColeccionistaPrime· Abierta — flanco sin cerrar
Terreno inicial suavizado · ◌ = hueco del cierre detectado · pasá el cursor para detalles
Inputs por minuto
— Rosé - - (Youngmonz)
Build order — Rosé
121 acciones detectadas en el replay
| 0:01 | Crear | Villager (Male) ×4 |
| 0:01 | Crear | Villager (Male) ×4 |
| 0:03 | Construir | House |
| 0:04 | Construir | House |
| 1:24 | Crear | Villager (Male) |
| 1:25 | Crear | Villager (Male) |
| 1:54 | Crear | Villager (Male) |
| 1:54 | Crear | Villager (Male) |
| 1:59 | Construir | Lumber Camp |
| 2:31 | Crear | Villager (Male) |
| 2:31 | Crear | Villager (Male) |
| 2:38 | Construir | House |
| 2:50 | Crear | Villager (Male) |
| 2:50 | Crear | Villager (Male) |
| 3:06 | Crear | Villager (Male) |
| 3:07 | Crear | Villager (Male) |
| 3:37 | Crear | Villager (Male) |
| 3:37 | Crear | Villager (Male) |
| 3:54 | Crear | Villager (Male) |
| 3:54 | Crear | Villager (Male) |
| 4:12 | Crear | Villager (Male) ×2 |
| 4:12 | Crear | Villager (Male) ×2 |
| 4:26 | Crear | Villager (Male) |
| 4:26 | Crear | Villager (Male) |
| 4:58 | Construir | Mill |
| 5:46 | Crear | Villager (Male) |
| 6:02 | Construir | Mill |
| 6:04 | Crear | Villager (Male) |
| 6:12 | Construir | House |
| 6:28 | Investigar | Loom |
| 7:03 | Crear | Villager (Male) |
| 7:52 | Investigar | Feudal Age |
| 7:53 | Investigar | Feudal Age |
| 8:04 | Construir | Barracks |
| 8:41 | Construir | House |
| 9:00 | Crear | Militia |
| 9:00 | Crear | Militia |
| 9:44 | Crear | Militia |
| 10:02 | Crear | Villager (Male) |
| 10:02 | Edad | Edad Feudal |
| 10:10 | Construir | Stable |
| 10:24 | Crear | Villager (Male) |
| 10:50 | Crear | Villager (Male) |
| 10:51 | Investigar | Double-Bit Axe |
| 10:53 | Crear | Scout Cavalry |
| 10:53 | Crear | Scout Cavalry |
| 10:56 | Construir | House |
| 11:31 | Crear | Villager (Male) |
| 11:32 | Crear | Villager (Male) |
| 11:42 | Crear | Scout Cavalry |
| 12:00 | Construir | Farm |
| 12:02 | Crear | Villager (Male) |
| 12:18 | Crear | Scout Cavalry |
| 12:19 | Crear | Villager (Male) |
| 12:44 | Construir | House |
| 12:45 | Construir | Palisade Wall |
| 12:52 | Construir | House |
| 12:57 | Crear | Scout Cavalry |
| 13:00 | Construir | Farm |
| 13:02 | Construir | Farm |
| 13:03 | Construir | Farm |
| 13:12 | Crear | Villager (Male) |
| 13:14 | Construir | Farm |
| 13:33 | Construir | House |
| 13:40 | Crear | Villager (Male) |
| 13:45 | Crear | Spearman |
| 13:46 | Crear | Scout Cavalry |
| 13:52 | Crear | Villager (Male) |
| 14:02 | Construir | House |
| 14:12 | Construir | Farm |
| 14:14 | Construir | Farm |
| 14:15 | Construir | Farm |
| 14:20 | Construir | Farm |
| 14:22 | Crear | Villager (Male) |
| 14:34 | Construir | Farm |
| 14:36 | Construir | Farm |
| 14:38 | Construir | Farm |
| 14:42 | Construir | Farm |
| 14:45 | Construir | Farm |
| 14:58 | Crear | Villager (Male) |
| 15:09 | Construir | Farm |
| 15:10 | Construir | Farm |
| 15:15 | Crear | Scout Cavalry |
| 15:19 | Construir | Farm |
| 15:34 | Construir | Farm |
| 15:35 | Crear | Villager (Male) |
| 15:39 | Crear | Scout Cavalry |
| 15:55 | Construir | House |
| 16:01 | Construir | House |
| 16:02 | Construir | House |
| 16:04 | Construir | Palisade Wall |
| 16:09 | Crear | Villager (Male) |
| 16:27 | Crear | Villager (Male) |
| 16:29 | Crear | Scout Cavalry |
| 17:02 | Crear | Scout Cavalry |
| 17:03 | Crear | Villager (Male) |
| 17:04 | Crear | Villager (Male) |
| 17:09 | Construir | House |
| 17:10 | Construir | House |
| 17:25 | Construir | Farm |
| 17:26 | Crear | Villager (Male) |
| 17:31 | Crear | Scout Cavalry |
| 17:41 | Construir | Blacksmith |
| 17:44 | Construir | Mining Camp |
| 17:45 | Crear | Villager (Male) |
| 18:13 | Investigar | Horse Collar |
| 18:14 | Construir | Farm |
| 18:40 | Crear | Villager (Male) |
| 18:41 | Crear | Scout Cavalry |
| 18:42 | Crear | Scout Cavalry |
| 18:50 | Construir | Stable |
| 18:54 | Crear | Villager (Male) |
| 19:27 | Crear | Villager (Male) |
| 19:33 | Investigar | Scale Barding Armor |
| 19:34 | Investigar | Forging |
| 19:40 | Crear | Scout Cavalry |
| 19:41 | Crear | Scout Cavalry |
| 19:55 | Crear | Villager (Male) |
| 19:59 | Construir | Lumber Camp |
| 20:51 | Crear | Villager (Male) |
| 20:51 | Crear | Villager (Male) |
Build order — (Youngmonz)
105 acciones detectadas en el replay
| 0:03 | Construir | House |
| 0:05 | Construir | House |
| 0:06 | Crear | Villager (Male) ×4 |
| 1:44 | Crear | Villager (Male) |
| 1:55 | Construir | Lumber Camp |
| 1:56 | Crear | Villager (Male) |
| 2:28 | Crear | Villager (Male) |
| 3:06 | Crear | Villager (Male) |
| 3:06 | Crear | Villager (Male) |
| 3:11 | Crear | Villager (Male) |
| 3:12 | Crear | Villager (Male) |
| 3:52 | Crear | Villager (Male) |
| 4:00 | Crear | Villager (Male) |
| 4:17 | Construir | House |
| 4:24 | Construir | Mill |
| 4:53 | Crear | Villager (Male) |
| 4:53 | Crear | Villager (Male) |
| 5:06 | Construir | Palisade Wall |
| 5:12 | Crear | Villager (Male) |
| 5:53 | Crear | Villager (Male) |
| 6:03 | Construir | House |
| 6:06 | Construir | Palisade Wall |
| 6:28 | Crear | Villager (Male) |
| 6:33 | Construir | Mill |
| 6:51 | Crear | Villager (Male) |
| 7:15 | Crear | Villager (Male) |
| 7:16 | Investigar | Loom |
| 7:39 | Construir | House |
| 7:42 | Construir | Palisade Wall |
| 8:24 | Investigar | Feudal Age |
| 9:02 | Construir | Barracks |
| 9:13 | Construir | Palisade Wall |
| 9:17 | Crear | Villager (Male) |
| 9:17 | Crear | Villager (Male) |
| 9:49 | Construir | House |
| 9:53 | Construir | Palisade Wall |
| 10:21 | Construir | House |
| 10:34 | Edad | Edad Feudal |
| 10:36 | Crear | Villager (Male) |
| 10:37 | Investigar | Double-Bit Axe |
| 10:50 | Construir | Stable |
| 10:55 | Construir | House |
| 10:57 | Construir | Palisade Wall |
| 11:04 | Crear | Villager (Male) |
| 11:21 | Crear | Villager (Male) |
| 11:45 | Crear | Scout Cavalry |
| 11:46 | Crear | Scout Cavalry |
| 12:30 | Crear | Villager (Male) |
| 12:38 | Crear | Villager (Male) |
| 12:42 | Crear | Scout Cavalry |
| 13:01 | Crear | Scout Cavalry |
| 13:14 | Crear | Scout Cavalry |
| 13:44 | Construir | Farm |
| 13:46 | Construir | Farm |
| 13:48 | Construir | Farm |
| 13:53 | Crear | Villager (Male) |
| 13:54 | Crear | Villager (Male) |
| 14:29 | Crear | Scout Cavalry |
| 14:30 | Crear | Scout Cavalry |
| 15:13 | Construir | Farm |
| 15:13 | Construir | Farm |
| 15:13 | Construir | Farm |
| 15:14 | Construir | Farm |
| 15:40 | Crear | Scout Cavalry |
| 15:40 | Crear | Scout Cavalry |
| 15:52 | Construir | Mining Camp |
| 16:02 | Crear | Scout Cavalry |
| 16:20 | Construir | Lumber Camp |
| 16:24 | Construir | Blacksmith |
| 16:33 | Crear | Villager (Male) |
| 16:33 | Crear | Villager (Male) |
| 16:51 | Crear | Scout Cavalry |
| 16:52 | Crear | Scout Cavalry |
| 17:07 | Construir | Stable |
| 17:10 | Construir | Stable |
| 17:35 | Crear | Villager (Male) |
| 17:35 | Crear | Villager (Male) |
| 17:48 | Crear | Scout Cavalry |
| 17:48 | Crear | Scout Cavalry |
| 18:00 | Construir | Mining Camp |
| 18:08 | Construir | House |
| 18:11 | Construir | House |
| 18:13 | Construir | House |
| 18:15 | Construir | House |
| 18:19 | Construir | House |
| 18:36 | Crear | Scout Cavalry |
| 18:36 | Crear | Scout Cavalry |
| 18:49 | Construir | Farm |
| 18:50 | Crear | Villager (Male) |
| 18:51 | Crear | Villager (Male) |
| 19:18 | Construir | Market |
| 19:34 | Crear | Scout Cavalry |
| 19:34 | Crear | Scout Cavalry |
| 20:03 | Crear | Scout Cavalry |
| 20:04 | Crear | Scout Cavalry |
| 20:04 | Crear | Scout Cavalry |
| 20:04 | Crear | Scout Cavalry |
| 20:04 | Crear | Scout Cavalry |
| 20:05 | Crear | Scout Cavalry |
| 20:11 | Crear | Scout Cavalry |
| 20:11 | Crear | Scout Cavalry |
| 20:12 | Crear | Scout Cavalry |
| 20:26 | Crear | Villager (Male) |
| 20:26 | Crear | Villager (Male) |
| 20:34 | Construir | Lumber Camp |
Build order — gytisrepsys
117 acciones detectadas en el replay
| 0:01 | Crear | Villager (Male) |
| 0:01 | Crear | Villager (Male) |
| 0:03 | Construir | House |
| 0:04 | Construir | House |
| 0:15 | Crear | Villager (Male) |
| 0:16 | Crear | Villager (Male) |
| 1:29 | Crear | Villager (Male) |
| 1:52 | Crear | Villager (Male) |
| 2:20 | Construir | Lumber Camp |
| 2:26 | Crear | Villager (Male) |
| 2:40 | Crear | Villager (Male) |
| 2:55 | Crear | Villager (Male) |
| 3:04 | Construir | House |
| 3:07 | Construir | Palisade Wall |
| 3:35 | Crear | Villager (Male) |
| 4:01 | Crear | Villager (Male) |
| 4:01 | Crear | Villager (Male) |
| 4:16 | Construir | House |
| 4:48 | Crear | Villager (Male) |
| 4:48 | Crear | Villager (Male) |
| 4:58 | Construir | Palisade Wall |
| 5:12 | Construir | Mill |
| 5:42 | Investigar | Loom |
| 6:01 | Crear | Villager (Male) |
| 6:06 | Construir | House |
| 6:20 | Crear | Villager (Male) |
| 6:20 | Crear | Villager (Male) |
| 6:46 | Construir | Mining Camp |
| 7:10 | Construir | Palisade Wall |
| 7:15 | Crear | Villager (Male) |
| 7:57 | Crear | Villager (Male) |
| 8:48 | Construir | House |
| 8:51 | Investigar | Feudal Age |
| 9:02 | Construir | Barracks |
| 9:26 | Construir | Palisade Wall |
| 9:33 | Crear | Villager (Male) |
| 9:34 | Crear | Villager (Male) |
| 10:00 | Construir | Palisade Wall |
| 10:19 | Construir | Palisade Wall |
| 10:50 | Crear | Villager (Male) |
| 11:01 | Edad | Edad Feudal |
| 11:03 | Construir | Archery Range |
| 11:05 | Crear | Spearman |
| 11:12 | Investigar | Double-Bit Axe |
| 11:21 | Construir | Archery Range |
| 11:44 | Crear | Villager (Male) |
| 11:48 | Construir | Farm |
| 11:49 | Crear | Archer |
| 12:16 | Construir | House |
| 12:17 | Crear | Archer |
| 12:22 | Crear | Archer |
| 12:27 | Crear | Villager (Male) |
| 12:30 | Construir | Farm |
| 12:45 | Crear | Archer |
| 12:45 | Crear | Archer |
| 12:49 | Crear | Villager (Male) |
| 13:05 | Construir | House |
| 13:18 | Crear | Villager (Male) |
| 13:20 | Crear | Archer |
| 13:21 | Crear | Archer |
| 13:33 | Crear | Villager (Male) |
| 13:41 | Construir | Farm |
| 13:42 | Construir | Farm |
| 13:45 | Construir | House |
| 13:48 | Crear | Archer |
| 13:50 | Crear | Villager (Male) |
| 13:56 | Crear | Archer |
| 14:17 | Construir | Lumber Camp |
| 14:20 | Construir | Palisade Wall |
| 14:22 | Crear | Villager (Male) |
| 14:27 | Crear | Archer |
| 14:38 | Crear | Villager (Male) |
| 14:44 | Crear | Archer |
| 14:45 | Crear | Archer |
| 14:54 | Construir | Farm |
| 15:24 | Construir | Blacksmith |
| 15:26 | Construir | Farm |
| 15:28 | Crear | Villager (Male) |
| 15:30 | Crear | Archer |
| 15:31 | Crear | Archer |
| 15:44 | Construir | Farm |
| 15:53 | Crear | Villager (Male) |
| 15:57 | Construir | Farm |
| 16:02 | Construir | House |
| 16:06 | Construir | Farm |
| 16:14 | Investigar | Fletching |
| 16:36 | Crear | Archer |
| 16:38 | Crear | Archer |
| 16:45 | Construir | House |
| 16:47 | Construir | House |
| 16:48 | Construir | House |
| 16:49 | Crear | Villager (Male) |
| 16:50 | Crear | Villager (Male) |
| 17:00 | Construir | Farm |
| 17:50 | Crear | Villager (Male) |
| 17:50 | Crear | Villager (Male) |
| 17:52 | Construir | Farm |
| 17:53 | Construir | Farm |
| 18:02 | Crear | Archer |
| 18:03 | Crear | Archer |
| 18:03 | Crear | Archer |
| 18:03 | Crear | Archer |
| 18:18 | Construir | Farm |
| 18:19 | Crear | Villager (Male) |
| 18:20 | Crear | Villager (Male) |
| 18:36 | Crear | Archer |
| 18:36 | Crear | Archer |
| 19:29 | Crear | Villager (Male) |
| 19:29 | Crear | Villager (Male) |
| 19:29 | Crear | Villager (Male) |
| 19:30 | Crear | Villager (Male) |
| 19:55 | Construir | Farm |
| 19:56 | Construir | Farm |
| 19:57 | Construir | Farm |
| 20:01 | Construir | Farm |
| 20:03 | Crear | Villager (Male) |
| 20:09 | Investigar | Wheelbarrow |
Build order — MeXxX
106 acciones detectadas en el replay
| 0:00 | Crear | Villager (Male) |
| 0:01 | Crear | Villager (Male) |
| 0:01 | Crear | Villager (Male) |
| 0:04 | Construir | House |
| 0:06 | Construir | House |
| 0:14 | Crear | Villager (Male) |
| 0:14 | Crear | Villager (Male) |
| 1:27 | Crear | Villager (Male) |
| 1:50 | Crear | Villager (Male) |
| 2:21 | Crear | Villager (Male) |
| 2:26 | Construir | Lumber Camp |
| 2:26 | Crear | Villager (Male) |
| 2:44 | Investigar | Loom |
| 3:02 | Crear | Villager (Male) |
| 3:03 | Crear | Villager (Male) |
| 3:34 | Crear | Villager (Male) |
| 3:52 | Construir | House |
| 4:03 | Crear | Villager (Male) |
| 4:03 | Crear | Villager (Male) |
| 4:23 | Crear | Villager (Male) |
| 5:25 | Construir | Mill |
| 5:32 | Crear | Villager (Male) |
| 5:51 | Crear | Villager (Male) |
| 5:51 | Crear | Villager (Male) |
| 6:06 | Construir | House |
| 6:09 | Construir | Palisade Gate |
| 6:17 | Crear | Villager (Male) |
| 6:18 | Crear | Villager (Male) |
| 6:18 | Crear | Villager (Male) |
| 6:19 | Crear | Villager (Male) |
| 6:29 | Construir | Palisade Gate |
| 6:34 | Construir | Palisade Wall |
| 7:27 | Construir | House |
| 7:31 | Construir | Palisade Wall |
| 7:48 | Construir | House |
| 7:53 | Construir | Palisade Wall |
| 7:56 | Construir | Palisade Wall |
| 8:06 | Crear | Villager (Male) |
| 8:18 | Construir | Mining Camp |
| 8:26 | Investigar | Feudal Age |
| 9:03 | Construir | Palisade Wall |
| 9:42 | Construir | Palisade Wall |
| 9:49 | Construir | Palisade Wall |
| 10:02 | Crear | Villager (Male) |
| 10:06 | Construir | Barracks |
| 10:41 | Edad | Edad Feudal |
| 10:53 | Crear | Villager (Male) |
| 11:25 | Construir | Archery Range |
| 11:37 | Crear | Villager (Male) |
| 12:15 | Crear | Archer |
| 12:15 | Crear | Archer |
| 12:19 | Crear | Spearman |
| 12:36 | Crear | Villager (Male) |
| 12:37 | Crear | Villager (Male) |
| 12:41 | Construir | Mill |
| 13:05 | Construir | Blacksmith |
| 13:23 | Crear | Archer |
| 13:24 | Crear | Archer |
| 13:24 | Crear | Archer |
| 13:28 | Crear | Villager (Male) |
| 13:28 | Crear | Villager (Male) |
| 13:29 | Crear | Villager (Male) |
| 13:44 | Investigar | Horse Collar |
| 13:57 | Construir | House |
| 14:12 | Crear | Archer |
| 14:14 | Crear | Villager (Male) |
| 14:52 | Construir | Farm |
| 14:58 | Crear | Villager (Male) |
| 15:01 | Construir | Farm |
| 15:04 | Construir | Farm |
| 15:12 | Crear | Archer |
| 15:33 | Crear | Archer |
| 15:38 | Construir | Farm |
| 15:47 | Crear | Villager (Male) |
| 15:59 | Crear | Villager (Male) |
| 17:16 | Investigar | Castle Age |
| 17:23 | Construir | Archery Range |
| 17:25 | Crear | Archer |
| 17:36 | Construir | Mining Camp |
| 17:41 | Construir | Farm |
| 17:44 | Investigar | Fletching |
| 17:45 | Investigar | Padded Archer Armor |
| 17:48 | Crear | Archer |
| 18:02 | Construir | House |
| 18:10 | Investigar | Double-Bit Axe |
| 18:13 | Investigar | Gold Mining |
| 18:21 | Crear | Archer |
| 18:39 | Construir | Farm |
| 18:39 | Construir | Farm |
| 18:43 | Construir | Farm |
| 18:48 | Crear | Archer |
| 18:48 | Crear | Archer |
| 18:49 | Crear | Archer |
| 19:17 | Crear | Archer |
| 19:17 | Crear | Archer |
| 19:26 | Construir | Farm |
| 19:27 | Construir | Farm |
| 19:28 | Construir | Farm |
| 19:35 | Construir | Farm |
| 19:56 | Edad | Edad de los Castillos |
| 19:56 | Construir | House |
| 19:57 | Construir | House |
| 19:59 | Investigar | Crossbowman (upgrade) |
| 20:06 | Investigar | Bodkin Arrow |
| 20:41 | Crear | Villager (Male) |
| 20:41 | Crear | Villager (Male) |
Build order — GOOSE
120 acciones detectadas en el replay
| 0:01 | Crear | Villager (Male) |
| 0:02 | Construir | House |
| 0:04 | Construir | House |
| 0:23 | Crear | Villager (Male) |
| 0:24 | Crear | Villager (Male) |
| 0:33 | Crear | Villager (Male) |
| 1:28 | Crear | Villager (Male) |
| 1:28 | Crear | Villager (Male) |
| 1:46 | Construir | Lumber Camp |
| 1:57 | Crear | Villager (Male) |
| 1:58 | Crear | Villager (Male) |
| 2:21 | Crear | Villager (Male) |
| 2:21 | Crear | Villager (Male) |
| 2:56 | Crear | Villager (Male) |
| 2:56 | Crear | Villager (Male) |
| 3:09 | Crear | Villager (Male) |
| 3:41 | Crear | Villager (Male) |
| 3:42 | Crear | Villager (Male) |
| 3:53 | Construir | Mill |
| 4:15 | Crear | Villager (Male) |
| 4:16 | Crear | Villager (Male) |
| 4:25 | Crear | Villager (Male) |
| 4:26 | Crear | Villager (Male) |
| 5:09 | Crear | Villager (Male) |
| 5:13 | Investigar | Loom |
| 5:16 | Construir | House |
| 5:28 | Crear | Villager (Male) |
| 6:02 | Crear | Villager (Male) |
| 6:07 | Construir | Mill |
| 6:10 | Crear | Villager (Male) |
| 6:56 | Crear | Villager (Male) |
| 6:58 | Crear | Villager (Male) |
| 7:27 | Crear | Villager (Male) |
| 8:13 | Investigar | Feudal Age |
| 8:14 | Investigar | Feudal Age |
| 8:28 | Construir | Mining Camp |
| 9:13 | Construir | Barracks |
| 10:23 | Edad | Edad Feudal |
| 10:34 | Construir | Archery Range |
| 10:39 | Crear | Villager (Male) |
| 10:39 | Crear | Villager (Male) |
| 10:43 | Construir | House |
| 10:48 | Investigar | Double-Bit Axe |
| 11:17 | Crear | Archer |
| 11:18 | Crear | Archer |
| 11:18 | Crear | Archer |
| 11:18 | Crear | Archer |
| 11:32 | Crear | Villager (Male) |
| 11:54 | Construir | Blacksmith |
| 12:03 | Construir | Blacksmith |
| 12:16 | Crear | Archer |
| 12:26 | Crear | Villager (Male) |
| 12:27 | Crear | Villager (Male) |
| 12:30 | Construir | House |
| 12:54 | Crear | Archer |
| 12:56 | Construir | House |
| 13:03 | Crear | Archer |
| 13:21 | Crear | Villager (Male) |
| 13:27 | Crear | Archer |
| 13:28 | Crear | Archer |
| 13:31 | Construir | Palisade Wall |
| 13:52 | Construir | Lumber Camp |
| 13:55 | Construir | Palisade Wall |
| 14:30 | Investigar | Fletching |
| 14:30 | Investigar | Padded Archer Armor |
| 14:32 | Crear | Archer |
| 14:38 | Construir | Palisade Gate |
| 14:40 | Crear | Villager (Male) |
| 14:40 | Crear | Villager (Male) |
| 14:43 | Construir | Farm |
| 14:59 | Crear | Archer |
| 15:31 | Construir | House |
| 15:36 | Crear | Archer |
| 15:36 | Crear | Archer |
| 15:48 | Crear | Archer |
| 15:48 | Crear | Archer |
| 15:57 | Crear | Villager (Male) |
| 15:57 | Crear | Villager (Male) |
| 16:00 | Construir | Farm |
| 16:01 | Crear | Villager (Male) |
| 16:11 | Construir | Farm |
| 16:13 | Construir | Farm |
| 16:16 | Crear | Villager (Male) |
| 16:20 | Construir | Palisade Wall |
| 16:32 | Crear | Archer |
| 16:41 | Construir | Archery Range |
| 17:10 | Construir | House |
| 17:15 | Crear | Archer |
| 17:15 | Crear | Archer |
| 17:16 | Crear | Archer |
| 17:17 | Crear | Archer |
| 17:18 | Crear | Archer |
| 17:18 | Crear | Archer |
| 17:18 | Crear | Archer |
| 17:44 | Crear | Villager (Male) |
| 17:49 | Construir | Farm |
| 17:53 | Construir | Farm |
| 18:01 | Construir | Farm |
| 18:03 | Construir | Farm |
| 18:09 | Construir | House |
| 18:25 | Construir | House |
| 18:26 | Construir | House |
| 18:28 | Crear | Villager (Male) |
| 18:28 | Crear | Villager (Male) |
| 18:28 | Crear | Villager (Male) |
| 18:31 | Construir | Farm |
| 18:35 | Construir | Farm |
| 18:49 | Construir | Palisade Wall |
| 19:50 | Crear | Archer |
| 19:50 | Crear | Archer |
| 19:51 | Crear | Villager (Male) |
| 19:52 | Crear | Villager (Male) |
| 19:59 | Construir | Farm |
| 20:00 | Construir | Farm |
| 20:01 | Construir | Farm |
| 20:05 | Construir | Farm |
| 20:06 | Construir | Farm |
| 20:07 | Construir | Farm |
| 20:29 | Construir | Market |
| 20:33 | Construir | House |
Build order — ColeccionistaPrime
140 acciones detectadas en el replay
| 0:03 | Crear | Villager (Male) |
| 0:03 | Crear | Villager (Male) |
| 0:04 | Construir | House |
| 0:06 | Construir | House |
| 0:15 | Crear | Villager (Male) |
| 1:10 | Crear | Villager (Male) |
| 1:20 | Crear | Villager (Male) |
| 1:31 | Crear | Villager (Male) |
| 1:34 | Investigar | Loom |
| 1:37 | Crear | Villager (Male) |
| 2:11 | Crear | Villager (Male) |
| 2:50 | Construir | Lumber Camp |
| 3:12 | Crear | Villager (Male) |
| 3:39 | Crear | Villager (Male) |
| 3:56 | Crear | Villager (Male) |
| 3:58 | Construir | House |
| 4:09 | Crear | Villager (Male) |
| 4:22 | Crear | Villager (Male) |
| 4:56 | Construir | Mill |
| 5:28 | Crear | Villager (Male) |
| 5:34 | Construir | House |
| 5:52 | Crear | Villager (Male) |
| 6:18 | Crear | Villager (Male) |
| 6:35 | Crear | Villager (Male) |
| 6:38 | Construir | Mill |
| 7:04 | Crear | Villager (Male) |
| 7:20 | Investigar | Feudal Age |
| 8:48 | Construir | Barracks |
| 8:58 | Crear | Villager (Male) |
| 9:43 | Edad | Edad Feudal |
| 9:46 | Crear | Villager (Male) |
| 9:49 | Construir | Stable |
| 9:53 | Investigar | Double-Bit Axe |
| 10:02 | Construir | House |
| 10:21 | Crear | Villager (Male) |
| 10:32 | Crear | Scout Cavalry |
| 10:37 | Investigar | Horse Collar |
| 10:42 | Construir | House |
| 10:52 | Crear | Villager (Male) |
| 10:55 | Construir | Farm |
| 10:58 | Crear | Scout Cavalry |
| 11:03 | Construir | Farm |
| 11:09 | Crear | Scout Cavalry |
| 11:19 | Investigar | Loom |
| 11:19 | Investigar | Loom |
| 11:22 | Construir | Farm |
| 11:24 | Crear | Villager (Male) |
| 11:27 | Construir | Farm |
| 11:33 | Construir | House |
| 11:52 | Crear | Scout Cavalry |
| 11:53 | Crear | Villager (Male) |
| 11:57 | Construir | Farm |
| 11:57 | Construir | Farm |
| 11:57 | Construir | Farm |
| 11:57 | Construir | Farm |
| 11:58 | Construir | Farm |
| 11:58 | Construir | Farm |
| 11:58 | Construir | Farm |
| 11:59 | Construir | Farm |
| 11:59 | Construir | Farm |
| 12:08 | Crear | Scout Cavalry |
| 12:34 | Crear | Scout Cavalry |
| 12:51 | Crear | Scout Cavalry |
| 12:52 | Crear | Villager (Male) |
| 12:54 | Construir | Farm |
| 12:58 | Construir | Farm |
| 12:59 | Construir | Farm |
| 13:00 | Construir | Farm |
| 13:08 | Crear | Villager (Male) |
| 13:41 | Crear | Villager (Male) |
| 13:42 | Crear | Scout Cavalry |
| 13:48 | Construir | Mining Camp |
| 14:11 | Crear | Villager (Male) |
| 14:18 | Construir | House |
| 14:27 | Crear | Scout Cavalry |
| 14:30 | Crear | Villager (Male) |
| 14:39 | Construir | House |
| 14:56 | Crear | Scout Cavalry |
| 15:03 | Crear | Villager (Male) |
| 15:08 | Construir | Farm |
| 15:08 | Construir | Farm |
| 15:08 | Construir | Farm |
| 15:08 | Construir | Farm |
| 15:09 | Construir | Farm |
| 15:11 | Crear | Villager (Male) |
| 15:20 | Crear | Scout Cavalry |
| 15:26 | Crear | Villager (Male) |
| 15:41 | Crear | Villager (Male) |
| 15:43 | Construir | House |
| 16:02 | Crear | Villager (Male) |
| 16:03 | Construir | Blacksmith |
| 16:06 | Construir | Farm |
| 16:07 | Construir | Farm |
| 16:23 | Crear | Villager (Male) |
| 16:23 | Crear | Scout Cavalry |
| 16:27 | Construir | House |
| 17:05 | Crear | Villager (Male) |
| 17:05 | Crear | Scout Cavalry |
| 17:08 | Construir | Farm |
| 17:09 | Construir | Farm |
| 17:10 | Construir | Farm |
| 17:23 | Crear | Villager (Male) |
| 17:29 | Investigar | Scale Barding Armor |
| 17:36 | Crear | Scout Cavalry |
| 17:39 | Construir | Farm |
| 17:41 | Construir | Farm |
| 17:42 | Crear | Villager (Male) |
| 18:00 | Construir | Stable |
| 18:10 | Crear | Scout Cavalry |
| 18:19 | Investigar | Forging |
| 18:25 | Construir | Palisade Wall |
| 18:30 | Construir | House |
| 18:38 | Crear | Villager (Male) |
| 18:43 | Construir | Palisade Wall |
| 18:45 | Construir | Palisade Wall |
| 18:52 | Crear | Scout Cavalry |
| 18:52 | Crear | Villager (Male) |
| 18:59 | Construir | Lumber Camp |
| 19:01 | Construir | Farm |
| 19:01 | Construir | Farm |
| 19:10 | Crear | Scout Cavalry |
| 19:19 | Construir | House |
| 19:19 | Construir | House |
| 19:28 | Crear | Scout Cavalry |
| 19:30 | Crear | Villager (Male) |
| 19:46 | Crear | Scout Cavalry |
| 19:47 | Crear | Villager (Male) |
| 19:51 | Crear | Villager (Male) |
| 19:54 | Construir | Lumber Camp |
| 20:02 | Crear | Scout Cavalry |
| 20:08 | Construir | Farm |
| 20:12 | Crear | Scout Cavalry |
| 20:12 | Crear | Scout Cavalry |
| 20:17 | Crear | Scout Cavalry |
| 20:23 | Construir | Farm |
| 20:26 | Crear | Villager (Male) |
| 20:32 | Crear | Villager (Male) |
| 20:47 | Crear | Scout Cavalry |
| 21:06 | Crear | Scout Cavalry |
| 21:07 | Crear | Villager (Male) |
Cronología de la partida
| 3:07 | gytisrepsys · wall_segment Palisade Wall x8 |
| 4:58 | gytisrepsys · wall_segment Palisade Wall x6 |
| 5:06 | (Youngmonz) · wall_segment Palisade Wall x7 |
| 6:06 | (Youngmonz) · wall_segment Palisade Wall x6 |
| 6:34 | MeXxX · wall_segment Palisade Wall x3 |
| 7:10 | gytisrepsys · wall_segment Palisade Wall x12 |
| 7:31 | MeXxX · wall_segment Palisade Wall x4 |
| 7:42 | (Youngmonz) · wall_segment Palisade Wall x6 |
| 7:53 | MeXxX · wall_segment Palisade Wall x6 |
| 7:56 | MeXxX · wall_segment Palisade Wall x1 |
| 8:04 | Rosé · first_building Barracks |
| 8:48 | ColeccionistaPrime · first_building Barracks |
| 9:02 | gytisrepsys · first_building Barracks |
| 9:02 | (Youngmonz) · first_building Barracks |
| 9:03 | MeXxX · wall_segment Palisade Wall x1 |
| 9:13 | GOOSE · first_building Barracks |
| 9:13 | (Youngmonz) · wall_segment Palisade Wall x2 |
| 9:26 | gytisrepsys · wall_segment Palisade Wall x7 |
| 9:42 | MeXxX · wall_segment Palisade Wall x3 |
| 9:43 | ColeccionistaPrime · age_up feudal |
| 9:49 | MeXxX · wall_segment Palisade Wall x7 |
| 9:49 | ColeccionistaPrime · first_building Stable |
| 9:53 | (Youngmonz) · wall_segment Palisade Wall x5 |
| 10:00 | gytisrepsys · wall_segment Palisade Wall x12 |
| 10:02 | Rosé · age_up feudal |
| 10:06 | MeXxX · first_building Barracks |
| 10:10 | Rosé · first_building Stable |
| 10:19 | gytisrepsys · wall_segment Palisade Wall x4 |
| 10:23 | GOOSE · age_up feudal |
| 10:34 | GOOSE · first_building Archery Range |
| 10:34 | (Youngmonz) · age_up feudal |
| 10:41 | MeXxX · age_up feudal |
| 10:50 | (Youngmonz) · first_building Stable |
| 10:57 | (Youngmonz) · wall_segment Palisade Wall x1 |
| 11:01 | gytisrepsys · age_up feudal |
| 11:03 | gytisrepsys · first_building Archery Range |
| 11:25 | MeXxX · first_building Archery Range |
| 12:45 | Rosé · wall_segment Palisade Wall x7 |
| 13:31 | GOOSE · wall_segment Palisade Wall x1 |
| 13:55 | GOOSE · wall_segment Palisade Wall x7 |
| 14:20 | gytisrepsys · wall_segment Palisade Wall x6 |
| 16:04 | Rosé · wall_segment Palisade Wall x3 |
| 16:20 | GOOSE · wall_segment Palisade Wall x10 |
| 18:25 | ColeccionistaPrime · wall_segment Palisade Wall x1 |
| 18:43 | ColeccionistaPrime · wall_segment Palisade Wall x1 |
| 18:45 | ColeccionistaPrime · wall_segment Palisade Wall x1 |
| 18:49 | GOOSE · wall_segment Palisade Wall x5 |
| 19:56 | MeXxX · age_up castle |
| 20:02 | (Youngmonz) · first_market_buy 100 food |
| 20:30 | (Youngmonz) · first_market_sell 100 stone |
| 20:58 | Rosé · resign |
[ ANÁLISIS IA · 1 CRÉDITO ]
¿Qué pasó realmente en esta partida?
Wolo.gg analiza cada decisión: build order, eco, micro, errores típicos por bracket. Análisis personalizado por WhatsApp o Discord en 30 segundos.
Guía civ
Españoles
Guía mapa
MegaRandom
Perfil
Jugador #6084484